AoeStats
← TheQuietRiot

Black Forest

506281223Analyzed
1v1 RM · 20d ago on Sep 13, 2026· 48m 34s· 2 players
Game mode
Random Map
Map size
Tiny (2 player)
Population
200
Speed
Normal
Resources
Standard
Victory
Conquest
Starting age
Dark Age
Ending age
Imperial Age
RankedLock teamsTeams togetherTeam positionsShared explorationLock speedFull tech treeHidden civsTurbo modeCheats
Victory
Defeat
🇺🇸 Mongols · United States
946
+15
🇬🇧 Teutons · United Kingdom
918
-15
TheQuietRiot
10:24 Loom
13:48 Feudal Age
15:14 Double-Bit Axe
16:27 Horse Collar
20:04 Gold Mining
23:24 Forging
25:56 Castle Age
27:09 Padded Archer Armor
27:00 Fletching
28:31 Leather Archer Armor
28:16 Bodkin Arrow
29:28 Pikeman
31:59 Iron Casting
33:00 Stone Mining
33:46 Bloodlines
34:22 Wheelbarrow
36:10 Bow Saw
36:45 Heavy Plow
38:47 Hand Cart
43:35 Imperial Age
42:35 Stone Shaft Mining
43:07 Ballistics
43:04 Masonry
43:21 Town Watch
45:31 Chemistry
44:41 Elite Skirmisher
47:06 Leather Archer Armor
47:51 Blast Furnace
abok123
1:45 Loom
12:58 Feudal Age
13:27 Double-Bit Axe
18:52 Fletching
21:26 Horse Collar
26:26 Padded Archer Armor
28:57 Castle Age
28:18 Scale Barding Armor
28:24 Forging
30:07 Heavy Plow
31:14 Wheelbarrow
31:42 Gold Mining
32:07 Husbandry
32:27 Bow Saw
35:48 Bodkin Arrow
37:31 Wheelbarrow
40:56 Imperial Age
39:25 Leather Archer Armor
39:45 Iron Casting
39:37 Chain Barding Armor
40:05 Gold Shaft Mining
39:53 Stone Mining
40:39 Bloodlines
39:49 Light Cavalry
43:10 Chemistry
43:10 Hand Cart
44:58 Conscription
45:14 Ballistics
45:44 Iron Casting
47:04 Hussar
Connection lost

Rejoining the realm…

Still unreachable

The connection could not be restored.

Session expired

The server has moved on; the page needs a fresh start.